 Dungeon Crawl Stone Soup version 0.30.1-11-g7821555f0a (webtiles) character file.

Game seed: 1589219439567541942

87 jfcaron the Sneak (level 4, -8/38 HPs)
             Began as a Gnoll Brigand on Nov 4, 2023.
             Mangled by an iguana (10 damage)
             ... on level 3 of the Dungeon.
             The game lasted 00:05:14 (2131 turns).

jfcaron the Sneak (Gnoll Brigand)                   Turns: 2131, Time: 00:05:14

Health: -8/38      AC:  4    Str: 10 (13) XL:     4   Next: 51%
Magic:  5/5        EV: 12    Int:  9 (10) God:
Gold:   239        SH:  0    Dex: 12 (13) Spells: 5/5 levels left

rFire   . . .        a - +2 dagger
rCold   . . .        (no shield)
rNeg    . . .        i - +0 leather armour
rPois   .            (no helmet)
rElec   .            c - +0 cloak
rCorr   .            (no gloves)
SInv    .            (no boots)
Will    .....        (no amulet)
Stlth   +++          (no ring)
HPRegen 0.26/turn    (no ring)
MPRegen 0.09/turn

%: no passive effects
@: about to teleport
A: fangs 1, strong nose, distributed training
a: no special abilities


You were on level 3 of the Dungeon.
You visited 1 branch of the dungeon, and saw 4 of its levels.

You collected 239 gold pieces.

Inventory:

Hand Weapons
 a - a +2 dagger (weapon)
 p - a +2 spear of pain
   (You took it off a hobgoblin on level 3 of the Dungeon)
Missiles
 d - 22 poisoned darts
 k - 31 stones
Armour
 b - a +0 robe
 c - a +0 cloak (worn)
 i - a +0 leather armour (worn)
Wands
 f - a wand of roots (6)
 u - a wand of charming (8)
Scrolls
 g - a scroll of immolation {unknown}
 h - a scroll of enchant weapon {unknown}
 j - a scroll of poison {unknown}
 l - 4 scrolls of identify {unknown}
 o - a scroll of magic mapping {unknown}
 q - a scroll of teleportation
 r - a scroll of butterflies {unknown}
 v - a scroll of silence {unknown}
Potions
 m - a potion of degeneration
 n - 2 potions of might
 s - a potion of attraction {unknown}
 t - a potion of flight {unknown}


   Skills:
 + Level 4.7 Fighting
 + Level 4.7 Short Blades
 + Level 1.2 Long Blades
 + Level 1.2 Axes
 + Level 1.2 Maces & Flails
 + Level 1.2 Polearms
 + Level 1.2 Staves
 + Level 1.2 Ranged Weapons
 + Level 4.7 Throwing
 + Level 1.2 Armour
 + Level 2.8 Dodging
 + Level 7.8 Stealth
 + Level 1.2 Shields
 + Level 1.2 Unarmed Combat
 + Level 1.2 Spellcasting
 + Level 1.0 Conjurations
 + Level 1.0 Hexes
 + Level 1.0 Summonings
 + Level 1.0 Necromancy
 + Level 1.0 Translocations
 + Level 1.0 Transmutations
 + Level 1.0 Fire Magic
 + Level 1.0 Ice Magic
 + Level 1.0 Air Magic
 + Level 1.0 Earth Magic
 + Level 1.0 Poison Magic
 + Level 1.3 Invocations
 + Level 1.2 Evocations


You had 5 spell levels left.
You didn't know any spells.
Your spell library contained the following spells:

 Spells                   Type           Power      Damage    Failure   Level
 Necrotise                Necr           8%         1d4       30%         1
 Vampiric Draining        Necr           2%         2d6       67%         3
 Agony                    Necr           2%         N/A       100%        5
 Borgnjor's Revivificati  Necr           1%         N/A       100%        8
 Necromutation            Tmut/Necr      1%         N/A       100%        8
 Death's Door             Necr           1%         N/A       100%        9


Dungeon Overview and Level Annotations

Branches:
Dungeon (4/15)
 Temple: D:4-7

Altars:
Wu Jian

Shops:
D:2 (


Innate Abilities, Weirdness & Mutations

You have very sharp teeth.
Your uncanny sense of smell can sniff out nearby items.
Your experience applies equally to all skills.


Message History

There is a stone staircase leading up here.
Throw: 2 darts (curare) {!f}
Press: ? - help, Shift-Dir - straight line, f - iguana
Aim: an iguana (lightly wounded, 65% to hit)
You throw a curare-tipped dart {!f}.
The curare-tipped dart {!f} barely misses the iguana.
The jackal barks!
The iguana closely misses you.
You climb upwards.
There is a stone staircase leading down here.
Throw: dart (curare) {!f}
Press: ? - help, Shift-Dir - straight line, f - iguana
Aim: an iguana (lightly wounded, 65% to hit)
You throw a curare-tipped dart {!f}.
The curare-tipped dart {!f} barely misses the iguana.
The iguana bites you.
Throw: 23 darts (poison)
Press: ? - help, Shift-Dir - straight line, f/p - iguana
Aim: an iguana (lightly wounded, 65% to hit)
You throw a poisoned dart. The poisoned dart hits the iguana.
The iguana is poisoned.
The iguana is lightly wounded.
The iguana bites you!
* * * LOW HITPOINT WARNING * * *
Aiming: Fastroot
Press: ? - help, Shift-Dir - straight line, f/p - iguana
Aim: an iguana (lightly wounded, poisoned)
The roots erupt in riotous growth!
Roots grab the iguana.
The grasping roots constrict the iguana.
The iguana bites you!
* * * LOW HITPOINT WARNING * * *
Okay, then.
Unknown command.
As you read the scroll labelled HURIM OFADY, it crumbles to dust.
You feel strangely unstable.
It was a scroll of teleportation.
The grasping roots constrict the iguana.
The iguana bites you!
You die...

#......)#........>............#
###....#####.....###.....##....
#........<....####.########..
#...###.......#....# #....
##.#####.........##### #....
#..#.......##........####....
##.##.......#(.######.........
#..##.......#l## ######....
#.###........@# ##.......
##.###.......### #####...#....
#............# #.....#.#....
#...##.......# ###.##....#....
##.##......#### ##............##
#..#..###########............##
##....####.....................#
.......#...######..............#
.........### #..............#


You could see an iguana (poisoned, rooted).

Vanquished Creatures
  3 adders
  A worm (D:3)
  A dart slug (D:1)
  5 orcs (D:3)
  3 ball pythons (D:2)
  2 bats
  7 endoplasms
  2 giant cockroaches (D:1)
  A goblin (D:1)
  6 hobgoblins
  3 jackals (D:1)
  2 kobolds (D:2)
  3 quokkas (D:1)
  3 frilled lizards
  3 rats
45 creatures vanquished.

Notes
Turn   | Place    | Note
-------+----------+-------------------------------------------
     0 | D:1      | jfcaron the Gnoll Brigand began the quest for the Orb.
     0 | D:1      | Reached XP level 1. HP: 20/20 MP: 1/1
   190 | D:1      | Reached XP level 2. HP: 24/26 MP: 2/2
   425 | D:1      | Reached XP level 3. HP: 31/31 MP: 3/3
  1089 | D:2      | Reached skill level 1 in Invocations
  1126 | D:2      | Found Papaw's Weapon Boutique.
  1176 | D:2      | Reached skill level 1 in Long Blades
  1176 | D:2      | Reached skill level 1 in Axes
  1176 | D:2      | Reached skill level 1 in Maces & Flails
  1176 | D:2      | Reached skill level 1 in Polearms
  1176 | D:2      | Reached skill level 1 in Staves
  1176 | D:2      | Reached skill level 1 in Ranged Weapons
  1176 | D:2      | Reached skill level 1 in Armour
  1176 | D:2      | Reached skill level 1 in Shields
  1176 | D:2      | Reached skill level 1 in Unarmed Combat
  1176 | D:2      | Reached skill level 1 in Spellcasting
  1176 | D:2      | Reached skill level 1 in Evocations
  1285 | D:2      | Reached XP level 4. HP: 38/38 MP: 5/5
  1597 | D:3      | HP: 7/38 [poisoned by an adder]
  1599 | D:3      | HP: 3/38 [adder (3)]
  1614 | D:3      | Reached skill level 1 in Conjurations
  1614 | D:3      | Reached skill level 1 in Hexes
  1614 | D:3      | Reached skill level 1 in Summonings
  1614 | D:3      | Reached skill level 1 in Necromancy
  1614 | D:3      | Reached skill level 1 in Translocations
  1614 | D:3      | Reached skill level 1 in Transmutations
  1614 | D:3      | Reached skill level 1 in Fire Magic
  1614 | D:3      | Reached skill level 1 in Ice Magic
  1614 | D:3      | Reached skill level 1 in Air Magic
  1614 | D:3      | Reached skill level 1 in Earth Magic
  1614 | D:3      | Reached skill level 1 in Poison Magic
  1841 | D:3      | Found an ornate altar of the Wu Jian Council.
  2130 | D:3      | HP: 1/38 [iguana (10)]
  2131 | D:3      | Mangled by an iguana

Illustrated notes

Levels and vault maps discovered:
D:1:      lemuel_arrival_river_ford, layout_basic, hangedman_decor_growths,
          minmay_misc_feat_columns, wad_floor_pattern_1, minmay_pentomino_p2
D:2:      layout_basic, serial_shops, nicolae_shop_trees, minmay_3d_cube
D:3:      layout_rooms, nicolae_wu_jian_wuxing_cycle
D:4:      layout_cave_pools, good_gods_temple_1, minmay_temple_entry_statues,
          serial_rivers, chequers_serial_rivers_micro_a,
          chequers_serial_rivers_micro_a, chequers_serial_rivers_small_3,
          chequers_serial_rivers_room_a, chequers_serial_rivers_micro_e,
          chequers_serial_rivers_small_a, uniq_crazy_yiuf_cottage, uniq_duvessa,
          uniq_sigmund

Skill      XL: |  1  2  3  4 |
---------------+-------------+-----
Invocations    | 1 |  1.3
Long Blades    | 1 |  1.2
Axes           | 1 |  1.2
Maces & Flails | 1 |  1.2
Polearms       | 1 |  1.2
Staves         | 1 |  1.2
Ranged Weapons | 1 |  1.2
Armour         | 1 |  1.2
Shields        | 1 |  1.2
Unarmed Combat | 1 |  1.2
Spellcasting   | 1 |  1.2
Evocations     | 1 |  1.2
Conjurations   | 1 |  1.0
Hexes          | 1 |  1.0
Summonings     | 1 |  1.0
Necromancy     | 1 |  1.0
Translocations | 1 |  1.0
Transmutations | 1 |  1.0
Fire Magic     | 1 |  1.0
Ice Magic      | 1 |  1.0
Air Magic      | 1 |  1.0
Earth Magic    | 1 |  1.0
Poison Magic   | 1 |  1.0
Fighting       | |  4.7
Short Blades   | |  4.7
Throwing       | |  4.7
Dodging        | |  2.8
Stealth        | |  7.8

Action                     |  1- 3 |  4- 6 || total
---------------------------+-------+-------++-------
  Melee: Dagger            |    87 |    42 ||   129
         Bite              |     7 |     9 ||    16
         Punch             |     1 |     2 ||     3
  Throw: Dart              |     3 |    11 ||    14
  Evoke: Wand              |       |     1 ||     1
    Use: Potion            |       |     4 ||     4
         Scroll            |       |     1 ||     1
   Stab: Sleeping          |    14 |     1 ||    15
 Armour: Robe              |     3 |       ||     3
         Leather armour    |    13 |    11 ||    24
  Dodge: Dodged            |    36 |    31 ||    67

Table legend: (Time is in decaauts)
 A = Elapsed time spent in this place.
 B = Non-inter-level travel time spent in this place.
 C = Inter-level travel time spent in this place.
 D = Time resting spent in this place.
 E = Time spent auto-exploring this place.
 F = Levels seen in this place.
 G = Mean time per level.
                   A        B        C        D        E       F      G
               +--------+--------+--------+--------+--------+-----+--------+
         Total |   2102 |   2061 |     41 |    118 |   1586 |   4 |  525.5 |
       Dungeon |   2102 |   2061 |     41 |    118 |   1586 |   4 |  525.5 |
               +--------+--------+--------+--------+--------+-----+--------+

Top non-repeatable levels by time:
     D:1: 948 daAuts
     D:3: 692 daAuts
     D:2: 451 daAuts
     D:4: 9 daAuts

Table legend:
 A = Kills in this place as a percentage of kills in the entire game.
 B = Kills by you in this place as a percentage of kills by you in the entire game.
 C = Kills by friends in this place as a percentage of kills by friends in the entire game.
 D = Other kills in this place as a percentage of other kills in the entire game.
 E = Experience gained in this place as a percentage of experience gained in the entire game.
 F = Experience gained in this place divided by the number of levels of this place that you have seen.
                   A       B       C       D       E      F
               +-------+-------+-------+-------+-------+----------------------
         Total | 100.0 | 100.0 |   N/A |   N/A | 100.0 |  31.2
       Dungeon | 100.0 | 100.0 |   N/A |   N/A | 100.0 |  31.2
               +-------+-------+-------+-------+-------+----------------------

Levels and vault maps discovered:
D:1:      lemuel_arrival_river_ford, layout_basic, hangedman_decor_growths,
          minmay_misc_feat_columns, wad_floor_pattern_1, minmay_pentomino_p2
D:2:      layout_basic, serial_shops, nicolae_shop_trees, minmay_3d_cube
D:3:      layout_rooms, nicolae_wu_jian_wuxing_cycle
D:4:      layout_cave_pools, good_gods_temple_1, minmay_temple_entry_statues,
          serial_rivers, chequers_serial_rivers_micro_a,
          chequers_serial_rivers_micro_a, chequers_serial_rivers_small_3,
          chequers_serial_rivers_room_a, chequers_serial_rivers_micro_e,
          chequers_serial_rivers_small_a, uniq_crazy_yiuf_cottage, uniq_duvessa,
          uniq_sigmund
